 Dungeon Crawl Stone Soup version 0.30-a0-782-ge64f9170bb (webtiles) character file.

Game seed: 8925248433028835188

2958 Ceno the Cudgeller (level 9, -8/72 HPs)
             Began as a Mummy Cinder Acolyte on Feb 19, 2023.
             Was an Initiate of Kikubaaqudgha.
             Mangled by a fire elemental (10 damage)
             ... created by the fiery vengeance of Ignis
             ... on level 6 of the Dungeon.
             The game lasted 00:34:41 (10373 turns).

Ceno the Cudgeller (Mummy Cinder Acolyte)          Turns: 10373, Time: 00:34:42

Health: -8/72      AC: 11    Str: 18    XL:     9   Next: 52%
Magic:  17/17      EV: 11    Int: 17    God:    Kikubaaqudgha [......]
Gold:   380        SH:  0    Dex:  7    Spells: 16/18 levels left

rFire   . . .      SeeInvis .    m - +0 flail
rCold   + + .      Faith    +    (no shield)
rNeg    + + +      Spirit   .    x - +0 steam dragon scales
rPois   ∞          Reflect  .    c - +2 helmet
rElec   .          Harm     .    d - scarf {rC+ rF+}
rCorr   .          Rampage  .    t - +2 pair of gloves
Will    +....                    (no boots)
Stlth   ++                       (no amulet)
HPRegen 0.32/turn                (no ring)
MPRegen 0.15/turn                (no ring)

@: fire susceptible
A: cold resistance 1, negative energy resistance 3, torment resistance 2, heat
vulnerability 1, in touch with death 1, no potions, faith
a: Renounce Religion


You were on level 6 of the Dungeon.
You worshipped Kikubaaqudgha.
Kikubaaqudgha was noncommittal.
You visited 2 branches of the dungeon, and saw 8 of its levels.
You also visited: Sewer.

You collected 380 gold pieces.

Inventory:

Hand Weapons
 b - a +0 morningstar
 m - a +0 flail (weapon)
Missiles
 g - 5 boomerangs
 l - 49 stones
 n - 7 poisoned darts
 p - a curare-tipped dart
Armour
 c - a +2 helmet (worn)
 d - a scarf of resistance (worn)
 t - a +2 pair of gloves (worn)
 x - +0 steam dragon scales (worn)
Wands
 a - a wand of roots (6) (quivered)
Scrolls
 e - 3 scrolls of vulnerability
 f - a scroll of silence
 h - 2 scrolls of immolation
 i - 3 scrolls of fear
 j - a scroll of enchant weapon
 k - a scroll of acquirement
 o - 7 scrolls of teleportation
 q - 2 scrolls of fog
 s - a scroll of summoning
 u - 3 scrolls of identify
 v - 2 scrolls of enchant armour


   Skills:
 + Level 7.0 Fighting
 * Level 7.8 Maces & Flails
 - Level 3.0 Stealth
 + Level 5.3 Spellcasting
 - Level 5.0 Fire Magic


You had 16 spell levels left.
You knew the following spells:

 Your Spells              Type           Power      Damage    Failure   Level
a - Scorch                Fire           42%        2d7       2%          2

Your spell library contained the following spells:

 Spells                   Type           Power      Damage    Failure   Level
 Ensorcelled Hibernation  Hex/Ice        8%         N/A       21%         2
 Ignite Poison            Fire/Tmut/Pois 10%        N/A       21%         3
 Kindle Blastsparks       Fire/Tloc/Air  20%        2d11      21%         3
 Anguish                  Hex/Necr       3%         N/A       80%         4
 Freezing Cloud           Conj/Ice/Air   2%         6-21      98%         5
 Spider Form              Tmut/Pois      Unusable   N/A       N/A         3

Dungeon Overview and Level Annotations

Branches:
Dungeon (7/15)             Temple (1/1) D:6           Sewer (visited)

Altars:
Ashenzari
Cheibriados
Dithmenos
Fedhas
Gozag
Hepliaklqana
Kikubaaqudgha
Makhleb
Nemelex Xobeh
Okawaru
Qazlal
Ru
Sif Muna
Trog
Uskayaw
Wu Jian
Xom
Yredelemnul

Annotations:
D:2 Sigmund
D:3 2 transporters, billybob123456's ghost, amateur DsGl


Innate Abilities, Weirdness & Mutations

You are immune to poison.
Your flesh is cold resistant. (rC+)
You are immune to negative energy. (rN+++)
You are immune to unholy pain and torment.
You are vulnerable to heat. (rF-)
You are in touch with the powers of death.
You do not drink.
You have a special connection with the divine. (Faith)


Message History

You can't drink.
Okay, then.
Aiming: Fastroot
Press: ? - help, Q - select action, (/) - cycle Shift-Dir - straight line
Okay, then.
The fire elemental misses you. The fire elemental hits you.
The fire elemental burns you!
Things that are here:
a +0 scale mail; a +0 whip You see here a +0 club.
The fire elemental barely misses you.
Aiming: Fastroot
Press: ? - help, Q - select action, (/) - cycle Shift-Dir - straight line The roots erupt in riotous growth!
The fire elemental is unaffected.
The fire elemental completely misses you.
The fire elemental closely misses you.
You sock the fire elemental!
The fire elemental is moderately damaged.
The fire elemental closely misses you.
You hit the fire elemental.
The fire elemental is moderately damaged.
The fire elemental barely misses you.
You closely miss the fire elemental.
The fire elemental is moderately damaged.
The fire elemental hits you. The fire elemental burns you!
The fire elemental hits you. The fire elemental burns you!
* * * LOW HITPOINT WARNING * * *
You sock the fire elemental!
The fire elemental is severely damaged.
The fire elemental closely misses you.
You hit the fire elemental but do no damage.
The fire elemental is severely damaged.
The fire elemental closely misses you.
You miss the fire elemental.
The fire elemental is severely damaged.
The fire elemental hits you. The fire elemental burns you!
* * * LOW HITPOINT WARNING * * *
The fire elemental hits you. The fire elemental burns you!
You die...
Kikubaaqudgha rasps: "You have failed me!
Welcome... oblivion!"

## #....##### #....# #....# #
##....# # ####....## ##########
## #.).[..## ##≈≈≈≈≈≈≈≈# .#
#☼##...# ##≈≈......≈≈ .###
#☼##.E.# ##≈≈...##...≈ ...###
#○##.@.###≈≈....##....
##...#######.##...##≈≈.....##....
####..##.○°°.##...#≈≈......##....
.......°.######...#≈......####...
.......>[.# #...#≈.....#⌠##⌠#..
≈≈≈≈≈≈)...# ##.##≈.############
≈≈≈≈......# #.##≈.############
_....8....# #.##≈.....#⌠##⌠#..
§§§≈.....## #.##≈......####...


You could see a fire elemental.

Vanquished Creatures
  Joseph (D:7)
  A fire elemental (D:6)
  A steam dragon (D:6)
  Duvessa (D:7)
  2 ice beasts (D:6)
  2 black bears
  4 ogres (D:5)
  A kobold brigand (D:6)
  2 bullfrogs (Sewer)
  A necrophage (D:7)
  A scorpion (D:6)
  Dowan (D:7)
  5 killer bees
  A howler monkey (D:6)
  An electric eel (D:6)
  7 orc priests
  2 hounds
  2 jellies (D:6)
  3 gnoll boudas
  Terence (D:2)
  2 iguanas
  2 orc wizards (D:5)
  Robin (D:3)
  16 gnolls
  13 adders
  5 river rats (Sewer)
  A shadow imp (D:6)
  A white imp (D:5)
  An ufetubus (D:5)
  4 worms
  2 dart slugs
  24 orcs
  9 endoplasms
  5 giant cockroaches
  9 goblins
  9 hobgoblins
  4 quokkas
  19 ball pythons
  11 bats
  7 frilled lizards
  7 kobolds
  25 rats
217 creatures vanquished.

Vanquished Creatures (others)
  81 foxfires
81 creatures vanquished.

Grand Total: 298 creatures vanquished

Notes
Turn   | Place    | Note
-------+----------+-------------------------------------------
     0 | D:1      | Ceno the Mummy Cinder Acolyte began the quest for the Orb.
     0 | D:1      | Reached XP level 1. HP: 18/18 MP: 2/2
    90 | D:1      | Found a faded altar of an unknown god.
   247 | D:1      | Reached skill level 1 in Stealth
   403 | D:1      | Reached XP level 2. HP: 20/24 MP: 4/4
   406 | D:1      | Learned a level 2 spell: Scorch
  1095 | D:2      | Noticed Sigmund
  1109 | D:2      | Gained mutation: You are in touch with the powers of death.
                  | [Mummy growth]
  1109 | D:2      | Reached XP level 3. HP: 28/29 MP: 5/5
  1550 | D:2      | Noticed Terence
  1553 | D:2      | Killed Terence
  1637 | D:2      | Reached XP level 4. HP: 35/35 MP: 3/6
  2060 | D:3      | Identified a scroll of acquirement
  2152 | D:3      | Noticed Robin
  2247 | D:3      | Found a transporter.
  2260 | D:3      | Killed Robin
  2659 | D:3      | Reached XP level 5. HP: 15/41 MP: 7/7
  3280 | D:3      | Noticed billybob123456's ghost (amateur DsGl)
  3281 | D:3      | Noticed an ogre
  3284 | D:3      | Found a transporter.
  3497 | D:4      | Found a stormy altar of Qazlal.
  4005 | D:4      | Reached XP level 6. HP: 47/47 MP: 5/8
  5091 | D:5      | Entered Level 5 of the Dungeon
  5323 | D:5      | Reached XP level 7. HP: 51/54 MP: 9/9
  5552 | D:5      | Found a shimmering altar of Xom.
  6090 | D:5      | Reached skill level 5 in Maces & Flails
  6308 | D:5      | Reached skill level 5 in Fighting
  6308 | D:5      | Reached XP level 8. HP: 62/62 MP: 5/10
  6943 | D:6      | Found a glowing drain.
  6947 | Sewer    | Entered a sewer
  7494 | Sewer    | Reached skill level 5 in Fire Magic
  8034 | D:6      | Found a staircase to the Ecumenical Temple.
  8051 | Temple   | Entered the Ecumenical Temple
  8070 | D:6      | Found a basalt altar of Yredelemnul.
  8883 | D:6      | Noticed a gargoyle
  9153 | D:6      | Reached XP level 9. HP: 47/69 MP: 14/14
  9319 | D:7      | Noticed Joseph
  9327 | D:7      | Killed Joseph
  9442 | D:7      | Noticed Dowan
  9447 | D:7      | Noticed Duvessa
  9452 | D:7      | Killed Dowan
  9459 | D:7      | Killed Duvessa
  9460 | D:7      | Reached skill level 5 in Spellcasting
  9608 | Temple   | Fell from the grace of Ignis
  9608 | Temple   | Became a worshipper of Kikubaaqudgha
  9932 | D:6      | You fall into a shaft and drop 1 floor!
 10373 | D:6      | HP: 2/72 [fire elemental[the fiery vengeance of Ignis] (9)]
 10373 | D:6      | Mangled by a fire elemental

Illustrated notes

Levels and vault maps discovered:
D:1:      matt_arrival_spirals, layout_basic,
          ebering_ecumenical_altar_sacrificial, kennysheep_doodads
D:2:      layout_loops_cross, uniq_terence, uniq_sigmund
D:3:      minmay_general_purpose_star, layout_basic, gammafunk_ghost_smash,
          uniq_robin
D:4:      layout_loops_corners, nicolae_qazlal_eye_of_the_storm, minivault_19,
          chequers_serial_rivers_small_3
D:5:      layout_basic, xom_teletrap_fun
D:6:      cheibrodos_iron_armory, layout_basic, mainiacjoe_overflow_catwalk,
          minmay_temple_entry_large_hall, gup_sewer_entry_spiral,
          kennysheep_cross_room, kennysheep_nondescript,
          kennysheep_generic_room_4
D:7:      layout_cave_pools, serial_shops, nicolae_shop_hallway_plus,
          minmay_misc_feat_hallway, uniq_joseph, uniq_duvessa
Temple:   nicolae_temple_no_exploring_needed

Skill      XL: |  1  2  3  4  5  6  7  8  9 |
---------------+----------------------------+-----
Stealth        | 1 2 3 |  3.0
Fire Magic     | 3 4 5 |  5.0
Maces & Flails | 3 4 5 6 7 |  7.8
Fighting       | 4 5 6 7 |  7.0
Spellcasting   | 3 5 |  5.3

Action                     |  1- 3 |  4- 6 |  7- 9 || total
---------------------------+-------+-------+-------++-------
  Melee: Mace              |    57 |       |       ||    57
         Flail             |       |   104 |   201 ||   305
         Punch             |       |     1 |     1 ||     2
  Throw: Boomerang         |     2 |       |     3 ||     5
         Stone             |     1 |     3 |     9 ||    13
         Dart              |       |     4 |     9 ||    13
   Cast: Scorch            |    14 |    57 |   114 ||   185
 Invoke: Fiery Armour      |       |     3 |     5 ||     8
         Foxfire Swarm     |       |     1 |     3 ||     4
  Evoke: Wand              |       |       |     1 ||     1
    Use: Scroll            |       |     8 |     8 ||    16
 Armour: Robe              |    20 |    19 |       ||    39
         Ring mail         |       |    36 |   108 ||   144
         Steam dragon scal |       |       |    67 ||    67
  Dodge: Dodged            |    55 |    92 |   158 ||   305

Table legend: (Time is in decaauts)
 A = Elapsed time spent in this place.
 B = Non-inter-level travel time spent in this place.
 C = Inter-level travel time spent in this place.
 D = Time resting spent in this place.
 E = Time spent auto-exploring this place.
 F = Levels seen in this place.
 G = Mean time per level.
                   A        B        C        D        E       F      G
               +--------+--------+--------+--------+--------+-----+--------+
         Total |  10539 |  10054 |    485 |   2411 |   4724 |   9 | 1171.0 |
       Dungeon |   9720 |   9235 |    485 |   1998 |   4724 |   7 | 1388.6 |
        Temple |     60 |     60 |      0 |     39 |      0 |   1 |   60.0 |
         Sewer |    758 |    758 |      0 |    374 |      0 |   1 |  758.0 |
               +--------+--------+--------+--------+--------+-----+--------+

Top non-repeatable levels by time:
     D:6: 2053 daAuts
     D:4: 1924 daAuts
     D:5: 1580 daAuts
     D:3: 1339 daAuts
     D:1: 1123 daAuts
     D:2: 953 daAuts
   Sewer: 758 daAuts
     D:7: 746 daAuts
  Temple: 60 daAuts
